EL
MISSISSIPPI BRAVES @ SPRINGFIELD CARDINALS
05/29/2048
 
TOP OF THE 1ST
Mississippi Braves batting - Pitching for Springfield Cardinals : RHP Danny Cook
Pitching: RHP Danny Cook
Batting: RHB Erik Coleman 0-0: Ball
1-0: Foul Ball, location: 2F
1-1: Called Strike
1-2: Ball
2-2: Ball
3-2: Base on Balls
Batting: LHB Sal Fernandez 0-0: Ball
1-0: Foul Ball, location: 2F
1-1: Ball
2-1: Foul Ball, location: 2F
2-2: Fielders Choice at 2nd, 4-6 (Groundball, 4, EV 92.5 MPH)
Batting: RHB Yojiro Hayashi 0-0: Ball
1-0: Called Strike
Sal Fernandez is caught stealing 2nd base 2-4
1-1: DOUBLE (Line Drive, 7LM, EV 87.5 MPH)
Batting: RHB Hieronim Rutkowski 0-0: Foul Ball, location: 2F
0-1: Swinging Strike
0-2: Fly out, F7 (Flyball, 7, EV 94.4 MPH)
Top of the 1st over - 0 runs, 1 hit, 0 errors, 1 left on base; Mississippi 0 - Springfield 0
BOTTOM OF THE 1ST
Springfield Cardinals batting - Pitching for Mississippi Braves : RHP Orlando Velazquez
Pitching: RHP Orlando Velazquez
Batting: RHB Fortunato Fteira 0-0: Called Strike
0-1: Ball
1-1: Reached on error, E3 (Groundball, 3, EV 88.8 MPH)
Batting: LHB Travis Ruppel 0-0: Ball
Fortunato Fteira steals 2nd base
1-0: Called Strike
1-1: Foul Ball, location: 2F
1-2: Strikes out swinging
Batting: RHB Joe Alley 0-0: Ball
1-0: Foul Ball, location: 2F
1-1: Ball
2-1: Foul Ball, location: 2F
2-2: Strikes out looking
Batting: RHB Tommy Boudreaux 0-0: Ball
1-0: Ball
2-0: Swinging Strike
2-1: Foul Ball, location: 2F
2-2: SINGLE (Groundball, 34S, EV 98.1 MPH)
Fortunato Fteira to third
Runner from 3rd tries for Home, SAFE, throw by RF to home
Batting: RHB Davey Beeson 0-0: Foul Ball, location: 2F
0-1: Fly out, F7 (Line Drive, 7, EV 93.8 MPH)
Bottom of the 1st over - 1 run, 1 hit, 1 error, 1 left on base; Mississippi 0 - Springfield 1
TOP OF THE 2ND
Mississippi Braves batting - Pitching for Springfield Cardinals : RHP Danny Cook
Batting: LHB Cesar Arteaga 0-0: Ball
1-0: Swinging Strike
1-1: Ball
2-1: Foul Ball, location: 2F
2-2: Strikes out swinging
Batting: SHB Jose Melendez 0-0: Called Strike
0-1: Ball
1-1: Ball
2-1: Foul Ball, location: 2F
2-2: Strikes out swinging
Batting: SHB David Beauchamp 0-0: Called Strike
0-1: Ball
1-1: Ball
2-1: Ball
3-1: Swinging Strike
3-2: Strikes out looking
Top of the 2nd over - 0 runs, 0 hits, 0 errors, 0 left on base; Mississippi 0 - Springfield 1
BOTTOM OF THE 2ND
Springfield Cardinals batting - Pitching for Mississippi Braves : RHP Orlando Velazquez
Batting: RHB Jose Jimenez 0-0: Ball
1-0: Foul Ball, location: 2F
1-1: Ball
2-1: Ball
3-1: Base on Balls
Batting: RHB Kalidas Mishra 0-0: Called Strike
0-1: Foul Ball, location: 2F
0-2: Ball
1-2: Foul Ball, location: 2F
1-2: Ball
2-2: Foul Ball, location: 2F
2-2: Ball
3-2: Base on Balls
Jose Jimenez to second
Batting: RHB Immel Kamuzu 0-0: Called Strike
0-1: Ball
1-1: Ball
2-1: Foul Ball, location: 2F
2-2: Ball
3-2: Foul Ball, location: 2F
3-2: Foul Ball, location: 2F
3-2: Fly out, F8 (Flyball, 8LXD, EV 90.6 MPH)
Runner from 2nd tags up, SAFE at 3rd, no throw by CF
Batting: RHB Jonathan Davis 0-0: Foul Ball, location: 2F
0-1: Called Strike
0-2: DOUBLE (Line Drive, 9LD, EV 106.2 MPH)
Jose Jimenez scores
Kalidas Mishra to third
Runner from 3rd tries for Home, SAFE, throw by RF to trailing runner, SAFE at third!
Batting: RHB Fortunato Fteira 0-0: Called Strike
0-1: Called Strike
0-2: Ground out 6-3 (Groundball, 56, EV 88.1 MPH)
Jonathan Davis scores
Batting: LHB Travis Ruppel 0-0: Fly out, F9 (Flyball, 9S, EV 80.0 MPH)
Bottom of the 2nd over - 3 runs, 1 hit, 0 errors, 0 left on base; Mississippi 0 - Springfield 4
TOP OF THE 3RD
Mississippi Braves batting - Pitching for Springfield Cardinals : RHP Danny Cook
Batting: RHB Alex Velasquez 0-0: Ball
1-0: Ball
2-0: Fly out, F4 (Flyball, 34D, EV 93.8 MPH)
Batting: RHB Adrian Billups 0-0: Ball
1-0: Ball
2-0: Ball
3-0: Base on Balls
Batting: RHB Erik Coleman 0-0: Called Strike
0-1: Foul Ball, location: 2F
0-2: Ball
1-2: SINGLE (Flyball, 6D, EV 93.1 MPH)
Adrian Billups to second
Batting: LHB Sal Fernandez 0-0: Ball
1-0: SINGLE (Line Drive, 56D, EV 103.1 MPH)
Adrian Billups to third
Erik Coleman to second
Runner from 3rd tries for Home, throw by LF and OUT! 7-2
Batting: RHB Yojiro Hayashi 0-0: Swinging Strike
0-1: Ball
1-1: Reached via error on a dropped throw from 3B, E4 (Groundball, 56, EV 83.1 MPH)
Erik Coleman to third
Sal Fernandez to second
Batting: RHB Hieronim Rutkowski 0-0: Called Strike
0-1: Called Strike
0-2: Foul Ball, location: 2F
0-2: Ball
1-2: Strikes out looking
Top of the 3rd over - 0 runs, 2 hits, 1 error, 3 left on base; Mississippi 0 - Springfield 4
BOTTOM OF THE 3RD
Springfield Cardinals batting - Pitching for Mississippi Braves : RHP Orlando Velazquez
Batting: RHB Joe Alley 0-0: Foul Ball, location: 2F
0-1: Ball
1-1: Swinging Strike
1-2: Ball
2-2: Strikes out swinging
Batting: RHB Tommy Boudreaux 0-0: Ball
1-0: Ground out 5-3 (Groundball, 56, EV 88.8 MPH)
Batting: RHB Davey Beeson 0-0: Called Strike
0-1: Ball
1-1: Foul Ball, location: 2F
1-2: Foul Ball, location: 2F
1-2: Fly out, F8 (Flyball, 89M, EV 98.1 MPH)
Bottom of the 3rd over - 0 runs, 0 hits, 0 errors, 0 left on base; Mississippi 0 - Springfield 4
TOP OF THE 4TH
Mississippi Braves batting - Pitching for Springfield Cardinals : RHP Danny Cook
Batting: LHB Cesar Arteaga 0-0: Called Strike
0-1: Ball
1-1: Ball
2-1: Foul Ball, location: 2F
2-2: Ground out 4-3 (Groundball, 4, EV 89.4 MPH)
Batting: SHB Jose Melendez 0-0: Called Strike
0-1: Ball
1-1: Ground out 5-3 (Groundball, 56, EV 108.8 MPH)
Batting: SHB David Beauchamp 0-0: Called Strike
0-1: Called Strike
0-2: Fly out, F7 (Flyball, 7S, EV 80.0 MPH)
Top of the 4th over - 0 runs, 0 hits, 0 errors, 0 left on base; Mississippi 0 - Springfield 4
BOTTOM OF THE 4TH
Springfield Cardinals batting - Pitching for Mississippi Braves : RHP Orlando Velazquez
Batting: RHB Jose Jimenez 0-0: SINGLE (Groundball, 4MD, EV 95.6 MPH)
Batting: RHB Kalidas Mishra 0-0: Ball
1-0: Ground out 5-3 (Groundball, 56S, EV 60.0 MPH)
Jose Jimenez to second
Batting: RHB Immel Kamuzu 0-0: Ground out 4-3 (Groundball, 4, EV 99.4 MPH)
Jose Jimenez to third
Batting: RHB Jonathan Davis 0-0: Fly out, F9 (Flyball, 89M, EV 83.8 MPH)
Bottom of the 4th over - 0 runs, 1 hit, 0 errors, 1 left on base; Mississippi 0 - Springfield 4
TOP OF THE 5TH
Mississippi Braves batting - Pitching for Springfield Cardinals : RHP Danny Cook
Batting: RHB Alex Velasquez 0-0: Ball
1-0: Ground out 1-3 (Groundball, 34S, EV 63.1 MPH)
Batting: RHB Adrian Billups 0-0: Ball
1-0: Ball
2-0: Ground out 4-3 (Groundball, 4, EV 88.8 MPH)
Batting: RHB Erik Coleman 0-0: Ball
1-0: Ball
2-0: Ball
3-0: Base on Balls
Batting: LHB Sal Fernandez 0-0: Called Strike
0-1: Ball
1-1: Called Strike
1-2: Foul Ball, location: 2F
1-2: Ball
2-2: Ball
Erik Coleman steals 2nd base
3-2: Base on Balls
Batting: RHB Yojiro Hayashi 0-0: Ball
1-0: Swinging Strike
1-1: Foul Ball, location: 2F
1-2: Foul Ball, location: 2F
1-2: Ball
2-2: Fly out, F8 (Flyball, 8RD, EV 104.4 MPH)
Top of the 5th over - 0 runs, 0 hits, 0 errors, 2 left on base; Mississippi 0 - Springfield 4
BOTTOM OF THE 5TH
Springfield Cardinals batting - Pitching for Mississippi Braves : RHP Orlando Velazquez
Batting: RHB Fortunato Fteira 0-0: Ball
1-0: Ball
2-0: Called Strike
2-1: Ball
3-1: Base on Balls
Batting: LHB Travis Ruppel 0-0: Ball
1-0: Ball
2-0: Ball
3-0: Fielders Choice at 2nd, 3-6 (Groundball, 34, EV 88.1 MPH)
Batting: RHB Joe Alley 0-0: Ball
1-0: Swinging Strike
1-1: Ball
2-1: Called Strike
2-2: Ball
3-2: Base on Balls
Travis Ruppel to second
Batting: RHB Tommy Boudreaux 0-0: Ball
1-0: Foul Ball, location: 2F
1-1: Fielders Choice at 2nd, 5-4 (Groundball, 56, EV 79.4 MPH)
Travis Ruppel to third
Batting: RHB Davey Beeson 0-0: Foul Ball, location: 2F
0-1: Ball
1-1: Called Strike
1-2: Ball
2-2: Strikes out swinging
Bottom of the 5th over - 0 runs, 0 hits, 0 errors, 2 left on base; Mississippi 0 - Springfield 4
TOP OF THE 6TH
Mississippi Braves batting - Pitching for Springfield Cardinals : RHP Danny Cook
Batting: RHB Hieronim Rutkowski 0-0: Called Strike
0-1: Called Strike
0-2: Strikes out swinging
Batting: LHB Cesar Arteaga 0-0: Ball
1-0: Called Strike
1-1: Ball
2-1: Ball
3-1: Base on Balls
Pitching: RHP Chris Ray
Batting: SHB Jose Melendez 0-0: Foul Ball, location: 2F
0-1: Called Strike
0-2: Strikes out swinging
Batting: SHB David Beauchamp 0-0: Foul Ball, location: 2F
0-1: Ball
Cesar Arteaga steals 2nd base
1-1: Swinging Strike
1-2: Strikes out swinging
Top of the 6th over - 0 runs, 0 hits, 0 errors, 1 left on base; Mississippi 0 - Springfield 4
BOTTOM OF THE 6TH
Springfield Cardinals batting - Pitching for Mississippi Braves : RHP Orlando Velazquez
Batting: RHB Jose Jimenez 0-0: Called Strike
0-1: Fly out, F3 (Popup, 3SF, EV 80.0 MPH)
Batting: RHB Kalidas Mishra 0-0: Swinging Strike
0-1: Ball
1-1: Fly out, F9 (Flyball, 9D, EV 103.8 MPH)
Batting: RHB Immel Kamuzu 0-0: Called Strike
0-1: Foul Ball, location: 2F
0-2: Strikes out swinging
Bottom of the 6th over - 0 runs, 0 hits, 0 errors, 0 left on base; Mississippi 0 - Springfield 4
TOP OF THE 7TH
Mississippi Braves batting - Pitching for Springfield Cardinals : RHP Chris Ray
Batting: RHB Alex Velasquez 0-0: Called Strike
0-1: Ball
1-1: Swinging Strike
1-2: Strikes out swinging
Batting: RHB Adrian Billups 0-0: SINGLE (Groundball, 4D, EV 97.5 MPH)
Batting: RHB Erik Coleman 0-0: Called Strike
0-1: Ball
Wild Pitch!
Adrian Billups to second
1-1: Ball
2-1: Ball
3-1: Ground out 6-3 (Groundball, 6, EV 101.9 MPH)
Batting: LHB Sal Fernandez 0-0: Called Strike
0-1: Swinging Strike
0-2: Strikes out swinging
Top of the 7th over - 0 runs, 1 hit, 0 errors, 1 left on base; Mississippi 0 - Springfield 4
BOTTOM OF THE 7TH
Springfield Cardinals batting - Pitching for Mississippi Braves : RHP Orlando Velazquez
Pitching: RHP Alfredo Leiva
Batting: RHB Jonathan Davis 0-0: Ball
1-0: Called Strike
1-1: Ball
2-1: Swinging Strike
2-2: Ball
3-2: Foul Ball, location: 2F
3-2: Base on Balls
Batting: RHB Fortunato Fteira 0-0: Ball
1-0: Called Strike
1-1: Foul Ball, location: 2F
1-2: Reached on error, E6 (Groundball, 6, EV 111.2 MPH)
Jonathan Davis to second
Batting: LHB Travis Ruppel 0-0: Swinging Strike
0-1: Ball
1-1: Ball
2-1: Foul Ball, location: 2F
2-2: Ball
3-2: Foul Ball, location: 2F
3-2: Base on Balls
Jonathan Davis to third
Fortunato Fteira to second
Batting: RHB Joe Alley 0-0: Swinging Strike
0-1: Ball
1-1: Swinging Strike
1-2: Foul Ball, location: 2F
1-2: Strikes out swinging
Batting: RHB Tommy Boudreaux 0-0: SINGLE (Groundball, 34, EV 99.4 MPH)
Jonathan Davis scores
Fortunato Fteira to third
Travis Ruppel to second
Runner from 3rd tries for Home, SAFE, throw by RF to home
Batting: RHB Davey Beeson 0-0: Ball
1-0: Swinging Strike
1-1: Foul Ball, location: 2F
1-2: Strikes out looking
Batting: RHB Jose Jimenez 0-0: Foul Ball, location: 2F
0-1: Ball
1-1: DOUBLE (Flyball, 8RXD, EV 99.4 MPH)
Travis Ruppel scores
Tommy Boudreaux to third
Batting: RHB Kalidas Mishra 0-0: Ground out 6-3 (Groundball, 6M, EV 88.8 MPH)
Bottom of the 7th over - 3 runs, 2 hits, 1 error, 2 left on base; Mississippi 0 - Springfield 7
TOP OF THE 8TH
Mississippi Braves batting - Pitching for Springfield Cardinals : RHP Chris Ray
Batting: RHB Yojiro Hayashi 0-0: Fly out, F9 (Flyball, 9D, EV 86.9 MPH)
Pinch Hitting: RHB Ingidayehu Lagat 0-0: Called Strike
0-1: Called Strike
0-2: Strikes out swinging
Batting: LHB Cesar Arteaga 0-0: Ground out 4-3 (Groundball, 4, EV 86.9 MPH)
Top of the 8th over - 0 runs, 0 hits, 0 errors, 0 left on base; Mississippi 0 - Springfield 7
BOTTOM OF THE 8TH
Springfield Cardinals batting - Pitching for Mississippi Braves : RHP Alfredo Leiva
Now at 2B: Ingidayehu Lagat
Batting: RHB Immel Kamuzu 0-0: Ball
1-0: Foul Ball, location: 2F
1-1: Ball
2-1: Swinging Strike
2-2: Strikes out swinging
Batting: RHB Jonathan Davis 0-0: Called Strike
0-1: SOLO HOME RUN (Flyball, 7D, EV 98.8 MPH), Distance : 392 ft
Pitching: RHP Thomas Crowner
Batting: RHB Fortunato Fteira 0-0: Fly out, F6 (Popup, 4MD, EV 61.2 MPH)
Batting: LHB Travis Ruppel 0-0: SOLO HOME RUN (Flyball, 89XD, EV 97.5 MPH), Distance : 395 ft
Batting: RHB Joe Alley 0-0: Ball
1-0: Called Strike
1-1: Ground out 4-3 (Groundball, 4M, EV 109.4 MPH)
Bottom of the 8th over - 2 runs, 2 hits, 0 errors, 0 left on base; Mississippi 0 - Springfield 9
TOP OF THE 9TH
Mississippi Braves batting - Pitching for Springfield Cardinals : RHP Chris Ray
Batting: SHB Jose Melendez 0-0: Called Strike
0-1: Reached on error, E6 (Groundball, 6, EV 103.1 MPH)
Batting: SHB David Beauchamp 0-0: Ball
1-0: Foul Ball, location: 2F
1-1: Foul Ball, location: 2F
1-2: Strikes out swinging
Batting: RHB Alex Velasquez 0-0: Ball
1-0: Ball
2-0: Ball
3-0: Base on Balls
Jose Melendez to second
Batting: RHB Adrian Billups 0-0: Called Strike
0-1: Fielders Choice at 2nd, 4-6 (Groundball, 34, EV 103.1 MPH)
Jose Melendez to third
Pinch Hitting: LHB Luis Cruz 0-0: Ball
1-0: SINGLE (Groundball, 6MS, EV 83.1 MPH) (infield hit)
Jose Melendez scores
Adrian Billups to second
Batting: LHB Sal Fernandez 0-0: Ball
1-0: Ball
2-0: Called Strike
2-1: Ground out 4-3 (Groundball, 4, EV 105.0 MPH)
Top of the 9th over - 1 run, 1 hit, 1 error, 2 left on base; Mississippi 1 - Springfield 9
Tuesday, March 28th , 2023 - OOTP Baseball 23.10 Build 110